 Dungeon Crawl Stone Soup version 0.23-a0-629-gae4348f (webtiles) character file.

938 galech the Chopper (level 7, 0/55 HPs)
             Began as a Demonspawn Fighter on Dec 26, 2018.
             Slain by an ice beast (3 damage)
             ... on level 5 of the Dungeon.
             The game lasted 00:04:38 (4204 turns).

galech the Chopper (Demonspawn Fighter)             Turns: 4204, Time: 00:04:39

Health: 0/55       AC: 15    Str: 16    XL:     7   Next: 87%
Magic:  16/16      EV:  3    Int:  9    God:
Gold:   275        SH:  9    Dex: 15    Spells: 6/6 levels left

rFire    . . .     SeeInvis .   a - +0 war axe
rCold    . . .     Gourm    .   c - +0 shield
rNeg     . . .     Faith    .   t - +0 plate armour
rPois    .         Spirit   .   k - +0 helmet
rElec    .         Reflect  .   (no cloak)
rCorr    .         Harm     .   (no gloves)
MR       .....                  (no boots)
Stlth    ..........             (no amulet)
HPRegen  0.18/turn              i - ring of magical power
MPRegen  0.15/turn              o - ring of wizardry

@: no status effects
A: slimy green scales 1, powered by pain 1, rot immunity
a: no special abilities


You were on level 5 of the Dungeon.
You were very hungry.

You visited 1 branch of the dungeon, and saw 6 of its levels.

You collected 275 gold pieces.

Inventory:

Hand Weapons
 a - a +0 war axe (weapon)
Armour
 c - a +0 shield (worn)
 k - a +0 helmet (worn)
 t - a +0 plate armour (worn)
Jewellery
 i - a ring of magical power (left hand)
 l - an uncursed ring of resist corrosion {unknown}
 o - a ring of wizardry (right hand)
Wands
 d - a wand of flame (12)
 m - a wand of digging (7)
Scrolls
 b - a scroll of identify
 e - 2 scrolls of teleportation
 j - 2 scrolls of enchant weapon
 n - 2 scrolls of blinking {unknown}
 p - a scroll of fog {unknown}
 q - a scroll of random uselessness {unknown}
 s - 2 scrolls of magic mapping {unknown}
Potions
 g - 2 potions of curing
 h - a potion of flight {unknown}
 r - a potion of agility {unknown}
Comestibles
 f - 9 rations


   Skills:
 + Level 4.8 Fighting
 + Level 5.0 Axes
 + Level 4.7 Armour
 + Level 1.1 Dodging
 + Level 0.1 Stealth
 + Level 4.6 Shields


You had 6 spell levels left.
You didn't know any spells.
Your spell library was empty.

Dungeon Overview and Level Annotations

Branches:
Dungeon (6/15)
 Temple: D:4-7

Altars:
Hepliaklqana
Makhleb
Uskayaw
Xom


Innate Abilities, Weirdness & Mutations

You are partially covered in slimy green scales. (AC +2)
You sometimes gain a little power by taking damage.
You are immune to rotting.


Message History

You hit the ice beast but do no damage.
The ice beast is heavily wounded.
The ice beast hits you but does no damage.
You closely miss the ice beast.
The ice beast is heavily wounded.
The ice beast hits you. The ice beast freezes you!
* * * LOW HITPOINT WARNING * * *
You hit the ice beast but do no damage.
The ice beast is heavily wounded.
The ice beast hits you but does no damage. x2
You closely miss the ice beast.
The ice beast is heavily wounded.
The ice beast hits you but does no damage.
You completely miss the ice beast.
The ice beast is heavily wounded.
The ice beast hits you but does no damage.
You hit the ice beast.
The ice beast is severely wounded.
The ice beast hits you.
You die...

#.........#
#.....^...#
#..8.8.8.##
##........#####
.#....#.#.....##
.#.####.........
.#.# ###.......
###Y#.# #.......
#.@...# #.......
#.....# #.......
#.....# ###+####
#.....# #.....#
#.....# ###+#.#
.#


You could see an ice beast.

Vanquished Creatures
  A hippogriff (D:5)
  2 phantoms (D:4)
  A centaur (D:5)
  A scorpion (D:4)
  2 jellies (D:4)
  A centaur skeleton (D:2)
  An orc priest (D:6)
  2 iguanas (D:4)
  Ijyb (D:4)
  4 orc wizards (D:4)
  2 worker ants (D:4)
  4 adders
  An adder skeleton (D:5)
  2 worms
  2 dart slugs
  A leopard gecko (D:1)
  10 orcs
  4 giant cockroaches
  8 goblins
  5 hobgoblins
  4 jackals (D:3)
  2 ball pythons
  10 bats
  3 frilled lizards
  8 kobolds
  5 rats
87 creatures vanquished.

Notes
Turn   | Place    | Note
-------+----------+-------------------------------------------
     0 | D:1      | galech the Demonspawn Fighter began the quest for the Orb.
     0 | D:1      | Reached XP level 1. HP: 18/18 MP: 1/1
   205 | D:1      | Gained mutation: You are partially covered in slimy green
                  | scales. (AC +2) [demonic ancestry]
   205 | D:1      | Reached XP level 2. HP: 19/24 MP: 2/2
   521 | D:1      | Reached skill level 2 in Axes
   674 | D:2      | Reached XP level 3. HP: 26/29 MP: 3/3
   826 | D:2      | Found a hazy altar of Hepliaklqana.
   827 | D:2      | Found a shimmering altar of Xom.
   827 | D:2      | Noticed a hell beast
   828 | D:2      | Noticed a hell beast
   828 | D:2      | Noticed a spectral ugly thing
  1050 | D:2      | Gained mutation: You are immune to rotting. [demonic
                  | ancestry]
  1050 | D:2      | Reached XP level 4. HP: 32/35 MP: 4/4
  1304 | D:3      | Found a burning altar of Makhleb.
  1508 | D:3      | Reached skill level 3 in Axes
  2136 | D:4      | Noticed a phantom
  2156 | D:4      | Reached skill level 1 in Dodging
  2156 | D:4      | Reached XP level 5. HP: 31/42 MP: 5/5
  2163 | D:4      | Killed a phantom
  2165 | D:4      | Reached XP level 6. HP: 17/48 MP: 6/6
  2630 | D:4      | Found a shimmering altar of Xom.
  2644 | D:4      | You fall through a shaft for 2 floors!
  2645 | D:6      | Noticed an orc warrior
  2931 | D:5      | Entered Level 5 of the Dungeon
  2955 | D:5      | Noticed a hippogriff
  2980 | D:5      | HP: 1/48 [hippogriff (6)]
  2981 | D:5      | Killed a hippogriff
  2981 | D:5      | Reached skill level 4 in Axes
  2981 | D:5      | Gained mutation: You sometimes gain a little power by
                  | taking damage. [demonic ancestry]
  2981 | D:5      | Reached XP level 7. HP: 2/55 MP: 7/7
  3620 | D:4      | Noticed Ijyb
  3642 | D:4      | Killed Ijyb
  4048 | D:4      | Reached skill level 5 in Axes
  4155 | D:5      | Found a hide-covered altar of Uskayaw.
  4204 | D:5      | Slain by an ice beast

Vault maps used:
D:1:      grunt_arrival_crossed_arrows
D:2:      minmay_inner_zag, regret_index_temple_of_mockery
D:3:      nicolae_overflow_crystal_walls, first_ration
D:4:      dk_xom_monty_hall, uniq_ijyb
D:5:      kennysheep_mini_moat, eat_drink_and_be_merry_uskayaw
D:6:      lemuel_crystal_altar, temple_doors_e, serial_shops, shop,
          grunt_decor_one_mirror, uniq_crazy_yiuf_cottage

Skill      XL: |  1  2  3  4  5  6  7 |
---------------+----------------------+-----
Axes           | 2 3 4 5 |  5.0
Armour         | 3 4 |  4.7
Shields        | 3 4 |  4.6
Dodging        | 1 |  1.1
Fighting       | 4 |  4.8
Stealth        | |  0.1

Action                   |  1- 3 |  4- 6 |  7- 9 || total
-------------------------+-------+-------+-------++-------
Melee: War axe           |    74 |   161 |    97 ||   332
  Use: Scroll            |       |     5 |       ||     5
       Potion            |       |     4 |       ||     4
  Eat: Chunk             |       |     6 |     4 ||    10
Armor: Scale mail        |    41 |     5 |       ||    46
       Plate armour      |       |   141 |    64 ||   205
       Chain mail        |       |    64 |       ||    64
Dodge: Dodged            |    20 |    41 |    13 ||    74
Block: Shield            |    28 |   115 |    37 ||   180

Table legend:
 A = Non-vault XP
 B = Vault XP
 C = Vault XP percentage of total XP
 D = Non-vault monster count
 E = Vault monster count
 F = Vault count percentage of total count
                 A         B        C        D         E       F
            +---------+---------+-------+---------+---------+-------
      Total |    1207 |     133 |   9.9 |      78 |       9 |  10.3
            +---------+---------+-------+---------+---------+-------
        D:1 |      28 |       0 |   0.0 |      16 |       0 |   0.0
        D:2 |      71 |       7 |   9.0 |      11 |       5 |  31.2
        D:3 |      62 |       0 |   0.0 |      27 |       0 |   0.0
        D:4 |     613 |     126 |  17.1 |      17 |       4 |  19.0
        D:5 |     389 |       0 |   0.0 |       5 |       0 |   0.0
        D:6 |      44 |       0 |   0.0 |       2 |       0 |   0.0
            +---------+---------+-------+---------+---------+-------
